 Dungeon Crawl Stone Soup version 0.32-a0-314-g526f7d4993 (webtiles) character file.

Game seed: 5169019575695836865

51 timneilson the Changeling (level 3, 0/24 HPs)
             Began as an Octopode Shapeshifter on Feb 15, 2024.
             Slain by a kobold
             ... wielding a +0 dagger of electrocution
              (20 damage)
             ... on level 2 of the Dungeon.
             The game lasted 00:01:24 (1110 turns).

timneilson the Changeling (Octopode Shapeshifter)   Turns: 1110, Time: 00:01:25

Health: 0/24       AC:  1    Str: 15    XL:     3   Next: 81%
Magic:  3/3        EV: 13    Int: 12    God:
Gold:   37         SH:  0    Dex: 11    Spells: 2/2 levels left

rFire   . .          .
                       - Unarmed
rCold   . . .        (no shield)
rNeg    . . .        (helmet currently unavailable)
rPois   .            (no amulet)
rElec   .            (no ring)
rCorr   .            (no ring)
SInv    .            (no ring)
Will    .....        (no ring)
Stlth   +++          (no ring)
HPRegen 0.24/turn    (no ring)
MPRegen 0.08/turn    (no ring)
                     (no ring)

%: no passive effects
@: beast-form
A: beast (slay +1), almost no armour, amphibious, 8 rings, camouflage 1,
gelatinous body 1, (nimble swimmer 1), tentacles
a: Begin Untransformation


You were on level 2 of the Dungeon.
You were a hulking beast.
You visited 1 branch of the dungeon, and saw 2 of its levels.

You collected 37 gold pieces.

Inventory:

Talismans
 b - a beast talisman (active)
 c - a flux talisman
Scrolls
 e - 2 scrolls of immolation {unknown}
Potions
 a - 2 potions of lignification
 d - a potion of heal wounds
 f - a potion of attraction {unknown}


   Skills:
 * Level 1.8 Fighting
 * Level 2.5 Dodging
 + Level 1.2 Stealth
 * Level 3.3 Unarmed Combat
 * Level 3.3 Shapeshifting


You had 2 spell levels left.
You didn't know any spells.
Your spell library was empty.

Dungeon Overview and Level Annotations

Branches:
Dungeon (2/15)

Altars:

Shops:
D:1 (


Innate Abilities, Weirdness & Mutations

You are a hulking beast.
Your limbs bulge with bestial killing power. (Slay +1)
You cannot wear most types of armour.
You are amphibious.
You can wear up to eight rings at the same time.
Your skin changes colour to match your surroundings (Stealth+).
Your rubbery body absorbs attacks. (AC +1, EV +1)
((You are camouflaged when in or above water. (Stealth+)))
You have tentacles for arms and can constrict up to eight enemies at once.


Message History

You kill the dart slug!
Found a stone staircase leading down.
e - 2 scrolls labelled PARUSTI UDYTIF
Found a mace.
You see here a +0 mace.
A ribbon worm comes into view.
You tentacle-slap the ribbon worm. You grab the ribbon worm.
The ribbon worm is moderately wounded.
You constrict the ribbon worm, but do no damage.
The ribbon worm closely misses you.
You bludgeon the ribbon worm! You squeeze the ribbon worm!
You kill the ribbon worm!
You see here a ribbon worm corpse.
You open the large door.
A dart slug comes into view.
Found a runed whip.
There is a large open door here.
A rat and a bat come into view.
Found 14 gold pieces and a scale mail.
A kobold and a hobgoblin come into view.
The kobold is wielding a +0 dagger of electrocution.
The bat closely misses you.
The kobold shouts!
You hear a shout!
A quokka comes into view.
A hobgoblin comes into view.
Found 2 scrolls of fear.
The hobgoblin shouts!
The bat hits you. The dart slug closely misses you. The bat closely misses you.
The hobgoblin shouts!
The rat squeaks loudly.
You tentacle-slap the dart slug. You grab the dart slug.
You tentacle-slap the dart slug.
You kill the dart slug!
The bat closely misses you.
You tentacle-slap the bat.
You kill the bat!
You closely miss the kobold. Your grab misses the kobold.
The kobold hits you with a +0 dagger of electrocution.
You are electrocuted!!
Ouch! That really hurt!
You die...

#..## ###
###.###.......
#..
#...##........
#.#
#.###.........
#.#
#.##..........
##.
#.#...........
#.
#.#.......g...
#.
#.#.......#..#
#.
#.'...hKg)r#
+.
#.'.....r.[#
+.
###.......#..#
#.
#...........
#.
#...........
#.
##.........?
## ##.........
##........


You could see a quokka, 2 hobgoblins, a kobold and a rat.

Vanquished Creatures
  A gnoll (D:1)
  2 dart slugs (D:2)
  A ribbon worm (D:2)
  An endoplasm (D:1)
  2 hobgoblins (D:1)
  4 kobolds (D:1)
  A quokka (D:1)
  A ball python (D:2)
  4 bats
  2 frilled lizards (D:1)
  A goblin (D:1)
  2 rats (D:1)
22 creatures vanquished.

Notes
Turn   | Place    | Note
-------+----------+-------------------------------------------
     0 | D:1      | timneilson the Octopode Shapeshifter began the quest for
                  | the Orb.
     0 | D:1      | Reached XP level 1. HP: 13/13 MP: 1/1
   104 | D:1      | Reached XP level 2. HP: 18/18 MP: 2/2
   177 | D:1      | Reached skill level 1 in Stealth
   177 | D:1      | Reached XP level 3. HP: 9/23 MP: 3/3
   326 | D:1      | Found Cefezy's Weapon Emporium.
  1110 | D:2      | Slain by a kobold

Illustrated notes

Levels and vault maps discovered:
D:1:      evilmike_arrival_crescent, layout_basic, serial_shops,
          nicolae_shop_real_fake_doors
D:2:      kennysheep_big_flooded_room, layout_rooms

Skill      XL: |  1  2 |
---------------+-------+-----
Stealth        | 1 |  1.2
Fighting       | |  1.8
Dodging        | |  2.5
Unarmed Combat | |  3.3
Shapeshifting  | |  3.3

Action                     || total
---------------------------++-------
  Melee: Unarmed           ||    43
         Tentacles         ||     8
         Constrict         ||    14
         Punch             ||     2
    Use: Scroll            ||     2
   Stab: Sleeping          ||     3
 Armour: Skin              ||    18
  Dodge: Dodged            ||    29

Table legend: (Time is in decaauts)
 A = Elapsed time spent in this place.
 B = Non-inter-level travel time spent in this place.
 C = Inter-level travel time spent in this place.
 D = Time resting spent in this place.
 E = Time spent auto-exploring this place.
 F = Levels seen in this place.
 G = Mean time per level.
                   A        B        C        D        E       F      G
               +--------+--------+--------+--------+--------+-----+--------+
         Total |   1107 |   1068 |     39 |      0 |    920 |   2 |  553.5 |
       Dungeon |   1107 |   1068 |     39 |      0 |    920 |   2 |  553.5 |
               +--------+--------+--------+--------+--------+-----+--------+

Top non-repeatable levels by time:
     D:1: 1041 daAuts
     D:2: 66 daAuts
